 Dungeon Crawl Stone Soup version 0.30.0-5-g1a98f26d00 (webtiles) character file.

Game seed: 15664593134405678558

89 jimonade the Chopper (level 4, -4/31 HPs)
             Began as an Octopode Monk on May 11, 2023.
             Was a Believer of Uskayaw.
             Slain by a gnoll
             ... wielding a +0 flail
              (7 damage)
             ... on level 2 of the Dungeon.
             The game lasted 00:02:48 (1825 turns).

jimonade the Chopper (Octopode Monk)                Turns: 1825, Time: 00:02:49

Health: -4/31      AC:  1    Str: 12    XL:     4   Next: 55%
Magic:  4/4        EV: 14    Int: 12    God:    Uskayaw [**....]
Gold:   171        SH:  0    Dex: 14    Spells: 3/3 levels left

rFire   + + .        a - +0 hand axe
rCold   . . .        c - orb {light}
rNeg    . . .        (helmet restricted)
rPois   .            h - amulet of faith
rElec   .            d - ring of willpower
rCorr   .            l - ring of protection from fire
SInv    .            q - ring of willpower
Will    ++...        r - ring of protection from fire
Stlth   +            (no ring)
HPRegen 0.25/turn    (no ring)
MPRegen 0.09/turn    (no ring)
                     (no ring)

%: faith
@: glowing
A: almost no armour, amphibious, 8 rings, camouflage 1, gelatinous body 1,
(nimble swimmer 1), tentacles
a: Renounce Religion, Stomp, Line Pass


You were on level 2 of the Dungeon.
You worshipped Uskayaw.
Uskayaw was noncommittal.
You visited 1 branch of the dungeon, and saw 3 of its levels.

You collected 171 gold pieces.

Inventory:

Hand Weapons
 a - a +0 hand axe (weapon)
 g - a +0 sling
Missiles
 o - 4 poisoned darts (quivered)
Armour
 c - an orb of light (worn)
Magical Staves
 m - a staff of fire
Jewellery
 d - a ring of willpower (left tentacle)
 h - an amulet of faith (around mantle)
 l - a ring of protection from fire (right tentacle)
 q - a ring of willpower (on tentacle)
 r - a ring of protection from fire (on tentacle)
Wands
 p - a wand of flame (8)
Scrolls
 j - a scroll of blinking {unknown}
 k - 2 scrolls of enchant weapon {unknown}
Potions
 b - a potion of ambrosia
 e - a potion of magic {unknown}
 f - a potion of curing {unknown}
 i - 2 potions of resistance {unknown}
 n - a potion of cancellation {unknown}


   Skills:
 + Level 3.5 Fighting
 + Level 3.9 Axes
 + Level 3.7 Dodging
 - Level 1.1 Stealth
 * Level 0.7 Invocations


You had 3 spell levels left.
You didn't know any spells.
Your spell library contained the following spells:

 Spells                   Type           Power      Damage    Failure   Level
 Necrotise                Necr           0%         1d4       32%         1
 Slow                     Hex            0%         N/A       32%         1
 Vampiric Draining        Necr           0%         2d6       69%         3
 Agony                    Necr           0%         N/A       100%        5


Dungeon Overview and Level Annotations

Branches:
Dungeon (3/15)

Altars:
Uskayaw
Vehumet


Innate Abilities, Weirdness & Mutations

You cannot wear most types of armour.
You are amphibious.
You can wear up to eight rings at the same time.
Your skin changes colour to match your surroundings (Stealth+).
Your rubbery body absorbs attacks. (AC +1, EV +1)
((You are camouflaged when in or above water. (Stealth+)))
You have tentacles for arms and can constrict up to eight enemies at once.


Message History

The adder bites you but does no damage.
You climb upwards.
There is a stone staircase leading down here.
You hit the adder. Your grab misses the adder. You squeeze the adder.
You kill the adder!
No target in view!
No target in view!
You start waiting.
Done waiting.
You climb downwards.
The gnoll barely misses you. The gnoll closely misses you.
The gnoll misses you.
An orc comes into view. It is wielding a +0 mace.
The gnoll closely misses you. The gnoll misses you.
The gnoll hits you with a +0 club.
There is a stone staircase leading up here.
The orc shouts!
The gnoll closely misses you.
The gnoll hits you from afar with a +0 halberd!
The gnoll closely misses you.
You climb upwards.
There is a stone staircase leading down here.
You hit the gnoll. You grab the gnoll. You squeeze the gnoll.
The gnoll is heavily wounded.
You hit the gnoll.
You constrict the gnoll, but do no damage.
The gnoll misses you. The gnoll hits you with a +0 club!
You can now pass through a line of other dancers.
You are too injured to fight recklessly!
You are too injured to fight recklessly!
You are too injured to fight recklessly!
You are too injured to fight recklessly!
You hit the gnoll but do no damage. You squeeze the gnoll.
You kill the gnoll!
You hit the gnoll. The gnoll hits you with a +0 flail!
* * * LOW HITPOINT WARNING * * *
You hit the gnoll. You grab the gnoll.
You squeeze the gnoll, but do no damage.
The gnoll is severely wounded.
You constrict the gnoll. The gnoll hits you with a +0 flail!
You die...

#.......# ########.###
#.###.#.# #.#.. #.# #.#.#
#.#.# #.# #.#.#
#########.#.# #.# #.#.#
#.........#.# #.# #.#)#
#####.#######.#.# #.###.#.#
#.....# #.#)#
#.......###.....###♣♣♣#.#.#
####.....)@g......♣♣P♣♣.#.#
#...####.....#....♣♣♣#.#
##.## #.....#♣♣..♣♣♣#.# #.#
###.#♣♣♣♣........ #.#
#.♣♣P.P.P♣♣##.# #.#
#.♣.....♣♣ ##. #.#
#.♣P..P.♣♣###.# #.#
#.♣♣.P♣♣♣#.#.## #.# #.#♣♣♣♣
##.#..


You could see a gnoll.

Vanquished Creatures
  A gnoll (D:2)
  3 adders
  2 worms (D:2)
  2 dart slugs
  2 orcs (D:3)
  4 bats
  6 endoplasms
  A goblin (D:2)
  5 hobgoblins
  5 kobolds
  A quokka (D:3)
  4 ball pythons
  4 frilled lizards
  2 rats
42 creatures vanquished.

Notes
Turn   | Place    | Note
-------+----------+-------------------------------------------
     0 | D:1      | jimonade the Octopode Monk began the quest for the Orb.
     0 | D:1      | Reached XP level 1. HP: 16/16 MP: 1/1
   194 | D:1      | Reached XP level 2. HP: 7/21 MP: 2/2
   708 | D:2      | Reached XP level 3. HP: 26/26 MP: 3/3
  1071 | D:2      | Reached skill level 1 in Stealth
  1362 | D:2      | Found a hide-covered altar of Uskayaw.
  1368 | D:2      | Became a worshipper of Uskayaw the Reveller
  1368 | D:2      | Reached * piety under Uskayaw
  1531 | D:3      | Reached ** piety under Uskayaw
  1533 | D:3      | Reached XP level 4. HP: 26/31 MP: 4/4
  1536 | D:3      | Reached *** piety under Uskayaw
  1615 | D:3      | Found a radiant altar of Vehumet.
  1620 | D:3      | Found a faded altar of an unknown god.
  1666 | D:3      | Got Plato's Grimoire of Interference
  1825 | D:2      | Slain by a gnoll

Illustrated notes

Levels and vault maps discovered:
D:1:      dpeg_arrival_connections, layout_loops_cross, st_stairs_7
D:2:      layout_loops_ring, serial_forest, infiniplex_forest_side_room,
          infiniplex_forest_lined_2, infiniplex_forest_straight_2,
          infiniplex_forest_clump_curved, basic_altar, kennysheep_generic_room_8
D:3:      layout_basic, vehumet_altar_wand_db,
          shapermc_ecumenical_altar_rom_forum, st_stairs_11, uniq_terence

Skill      XL: |  1  2  3 |
---------------+----------+-----
Stealth        | 1 |  1.1
Fighting       | |  3.5
Axes           | |  3.9
Dodging        | |  3.7
Invocations    | |  0.7

Action                     |  1- 3 |  4- 6 || total
---------------------------+-------+-------++-------
  Melee: Hand axe          |   114 |    16 ||   130
         Tentacles         |    42 |     7 ||    49
         Constrict         |    21 |     6 ||    27
         Punch             |     2 |     1 ||     3
   Stab: Sleeping          |     2 |       ||     2
 Armour: Skin              |     4 |     1 ||     5
  Dodge: Dodged            |    36 |    19 ||    55
